 Dungeon Crawl Stone Soup version 0.19.3-4-gbf9329e (webtiles) character file.

361 volk64 the Ruffian (level 6, -2/52 HPs)
             Began as a Ghoul Monk on Jan 27, 2017.
             Slain by volk64's ghost (12 damage)
             ... on level 4 of the Dungeon.
             The game lasted 00:07:37 (2505 turns).

volk64 the Ruffian (Ghoul Monk)                     Turns: 2505, Time: 00:07:38

Health: -2/52      AC:  4    Str: 16    XL:     6   Next: 66%
Magic:  5/5        EV: 13    Int:  5    God:
Gold:   71         SH:  0    Dex: 12    Spells: 0 memorised, 5 levels left

rFire  . . .     SeeInvis .       - Unarmed
rCold  + . .     Gourm    .     f - +1 leather armour (curse)
rNeg   + + +     Faith    .     (no shield)
rPois  ∞         Spirit   .     (no helmet)
rElec  .         Reflect  .     (no cloak)
rCorr  .         Harm     .     (no gloves)
MR     .....                    (no boots)
Stlth  ++........               (no amulet)
                                (no ring)
                                (no ring)

@: rotting
A: rotting body, claws 1, carnivore 3, cold resistance 1, negative energy
resistance 3, slow regeneration 1, torment resistance, unbreathing
a: no special abilities


You were on level 4 of the Dungeon.
You were not hungry.

You visited 1 branch of the dungeon, and saw 4 of its levels.

You collected 71 gold pieces.

Inventory:

Hand Weapons
 h - a +1 short sword of venom
Armour
 a - a +0 robe
 f - a cursed +1 leather armour (worn)
Jewellery
 l - a cursed -4 ring of evasion
Wands
 n - a wand of hasting (9/9)
Scrolls
 d - 2 scrolls of identify
 e - 2 scrolls of teleportation
 j - a scroll of enchant weapon
Potions
 c - a potion of brilliance
 m - a potion of berserk rage {unknown}
Comestibles
 b - 5 meat rations
 g - a chunk of flesh
 i - a royal jelly
 k - a beef jerky


   Skills:
 + Level 4.0 Fighting
 + Level 1.0 Armour
 + Level 3.6 Dodging
 + Level 4.0 Stealth
 + Level 6.0 Unarmed Combat


You had 5 spell levels left.
You didn't know any spells.

Dungeon Overview and Level Annotations

Branches:
Dungeon (4/15)
 Temple: D:4-7

Altars:
Nemelex Xobeh

Annotations:
D:4 volk64's ghost, novice OgFi


Innate Abilities, Weirdness & Mutations

Your body is rotting away.
You thrive on raw meat.
You are immune to poison.
You have sharp fingernails.
You are carnivorous and can eat meat at any time.
Your flesh is cold resistant. (rC+)
You are immune to negative energy. (rN+++)
You regenerate slowly when monsters are visible.
You are immune to unholy pain and torment.
You can survive without breathing.


Message History

Volk64's ghost closely misses you.
This raw flesh tastes great!
You claw volk64's ghost!
Volk64's ghost is moderately damaged.
Volk64's ghost closely misses you.
You completely miss volk64's ghost.
Volk64's ghost is moderately damaged.
Volk64's ghost hits you.
You scratch volk64's ghost.
Volk64's ghost is moderately damaged.
Volk64's ghost hits you!
You scratch volk64's ghost.
Volk64's ghost is heavily damaged.
Volk64's ghost hits you!
* * * LOW HITPOINT WARNING * * *
You scratch volk64's ghost.
Volk64's ghost is heavily damaged.
Eat a chunk of flesh? (ye/n/q)
You start eating the chunk of flesh.
Volk64's ghost hits you!
You die...

. #..# #........# ..
#..# #.###.####
..##..###.# #.#
..........# #.#
.......##.# #.#
.......##.# #.######
.####..##.###..$...# .#
#..##........#.#
.#####..#.###.##@#
.................W..#
.###.##.###.............
.##.÷.........##.#.###.#
.##..###..#......#.#
.....# ..#... ..#.#
.....# .... ... # .##..#
.... ..## ###....


You could see volk64's ghost.

Vanquished Creatures
  The ghost of volk64 the Shooter, an amateur DrWn of Qazlal (D:3)
  A hound (D:4)
  A centaur skeleton (D:4)
  An orc priest (D:4)
  An orc wizard (D:4)
  8 adders
  An ooze (D:3)
  A worm (D:2)
  2 dart slugs
  3 leopard geckos
  8 orcs
  8 bats
  2 giant cockroaches
  8 goblins
  6 hobgoblins
  2 quokkas (D:3)
  2 ball pythons (D:3)
  2 frilled lizards
  6 kobolds
  12 rats
76 creatures vanquished.

Notes
Turn   | Place    | Note
-------+----------+-------------------------------------------
     0 | D:1      | volk64 the Ghoul Monk began the quest for the Orb.
     0 | D:1      | Reached XP level 1. HP: 19/19 MP: 0/0
   133 | D:1      | Reached XP level 2. HP: 16/26 MP: 1/1
   576 | D:2      | Reached XP level 3. HP: 15/33 MP: 2/2
   739 | D:2      | Found a sparkling altar of Nemelex Xobeh.
   784 | D:2      | Reached skill level 4 in Unarmed Combat
   892 | D:2      | Reached XP level 4. HP: 33/40 MP: 3/3
  1781 | D:3      | Reached XP level 5. HP: 42/46 MP: 4/4
  1988 | D:3      | Reached skill level 5 in Unarmed Combat
  2039 | D:3      | Noticed volk64's ghost (amateur DrWn)
  2060 | D:3      | Killed volk64's ghost
  2296 | D:4      | Reached XP level 6. HP: 40/52 MP: 5/5
  2465 | D:4      | Reached skill level 1 in Armour
  2465 | D:4      | Reached skill level 6 in Unarmed Combat
  2489 | D:4      | Noticed volk64's ghost (novice OgFi)
  2505 | D:4      | Slain by volk64's ghost

Skill      XL: |  1  2  3  4  5  6 |
---------------+-------------------+-----
Dodging        | 3 |  3.6
Unarmed Combat | 4 5 6 |  6.0
Stealth        | 3 4 |  4.0
Fighting       | 4 |  4.0
Armour         | 1 |  1.0

Action                   |  1- 3 |  4- 6 || total
-------------------------+-------+-------++-------
Melee: Unarmed           |    96 |   163 ||   259
       Punch             |       |     4 ||     4
  Use: Scroll            |       |     7 ||     7
       Potion            |       |     4 ||     4
 Stab: Sleeping          |     4 |     7 ||    11
  Eat: Chunk             |     7 |    25 ||    32
Armor: Robe              |    27 |    15 ||    42
       Leather armour    |       |    17 ||    17
Dodge: Dodged            |    75 |    83 ||   158
